[Event "Team 45 45 League T48"]
[Site "Internet Chess Club"]
[Date "2011.03.22"]
[Round "6"]
[White "rayonline53"]
[Black "randallsr"]
[Result "0-1"]
[WhiteElo "1515"]
[BlackElo "1763"]
[Opening "Queen's pawn"]
[ECO "A40"]
[Time "10:12:20"]
[TimeControl "2700+45"]

1. d4 e6 2. Nf3 b6 3. e3 Bb7 4. Bd3 Nf6 5. Nbd2 Be7 6. O-O h6 7. Re1 O-O 8. c3
d6 9. Qc2 Nbd7 10. e4 e5 11. Nf1 Nh7 12. Ng3 Ng5 13. Nh4 Nh3+ 14. gxh3 Bxh4 15.
f4 a5 16. Be3 Ba6 17. Bxa6 Rxa6 18. Re2 exf4 19. Bxf4 Bg5 20. Rf1 g6 21. Rg2 Kh7
22. Qd2 b5 23. h4 Bxf4 24. Qxf4 f6 25. h5 Rg8 26. hxg6+ Rxg6 27. Qf5 Qe8 28. Nh5
d5 29. Nf4 Nf8 30. Nxg6 Nxg6 31. Qxd5 Re6 32. Rg4 Rd6 33. Qxb5 Qxb5 {White
resigns} 0-1

[Event "Team 45 45 League T48"]
[Site "Internet Chess Club"]
[Date "2011.03.17"]
[Round "6"]
[White "Goli"]
[Black "nursey"]
[Result "1-0"]
[WhiteElo "1832"]
[BlackElo "1583"]
[Opening "Ruy Lopez: closed (10...c5)"]
[ECO "C96"]
[Time "16:05:59"]
[TimeControl "2700+45"]

1. e4 e5 2. Nf3 Nc6 3. Bb5 a6 4. Ba4 Nf6 5. O-O Be7 6. Re1 b5 7. Bb3 O-O 8. c3
d6 9. h3 Na5 10. Bc2 c5 11. d4 cxd4 12. cxd4 exd4 13. Nxd4 Bb7 14. a3 d5 15. e5
Ne4 16. Bxe4 dxe4 17. Nc3 Bc5 18. Nf5 Qxd1 19. Rxd1 Nb3 20. Rb1 Nxc1 21. Rbxc1
Rad8 22. Rxd8 Rxd8 23. Nxb5 Bxf2+ 24. Kxf2 axb5 25. Nd6 Ba8 26. Rc8 Rxc8 27.
Nxc8 e3+ 28. Kxe3 Bxg2 29. h4 Bh3 30. Nd6 Bd7 31. Kd4 h6 32. b3 g5 33. hxg5 hxg5
34. Ne4 Be6 35. a4 bxa4 36. bxa4 g4 37. a5 Bc8 38. Ke3 Kg7 39. Kf4 Bb7 40. Nd6
Bf3 41. a6 Kg6 42. a7 Kh5 43. Ne4 {Black resigns} 1-0

[Event "Team 45 45 League T48"]
[Site "Internet Chess Club"]
[Date "2011.03.17"]
[Round "6"]
[White "Giacometti"]
[Black "justice02"]
[Result "0-1"]
[WhiteElo "1710"]
[BlackElo "1730"]
[Opening "KGD: Mafia defense"]
[ECO "B21"]
[Time "20:00:25"]
[TimeControl "2700+45"]

1. f4 c5 2. e4 e5 3. Nf3 exf4 4. Bc4 d6 5. d4 Be7 6. O-O Nf6 7. e5 dxe5 8. Nxe5
O-O 9. Bxf4 Qxd4+ 10. Qxd4 cxd4 11. Nd2 Be6 12. Bxe6 fxe6 13. Nef3 Nc6 14. Nb3
h6 15. Nbxd4 Bc5 16. c3 Nd5 17. Bd2 e5 18. Nxe5 Nxe5 19. Kh1 Bxd4 20. c4 {White
resigns} 0-1

[Event "Team 45 45 League T48"]
[Site "Internet Chess Club"]
[Date "2011.03.20"]
[Round "6"]
[White "milesotoole"]
[Black "Visin"]
[Result "1-0"]
[WhiteElo "1416"]
[BlackElo "1243"]
[Opening "Scotch game"]
[ECO "C45"]
[Time "09:05:09"]
[TimeControl "2700+45"]

1. e4 e5 2. Nf3 Nc6 3. d4 exd4 4. Nxd4 Nxd4 5. Qxd4 d6 6. Nc3 c5 7. Qd3 Nf6 8.
Bg5 Be7 9. O-O-O Be6 10. Bxf6 gxf6 11. f4 Qc7 12. f5 Bd7 13. Nd5 Qc6 14. Be2 Kf8
15. Rd2 a6 16. Rhd1 Qa4 17. Kb1 Bb5 18. Qe3 Bd8 19. Qh6+ Ke8 20. Nxf6+ Bxf6 21.
Qxf6 Rf8 22. Qxd6 Qxe4 23. Bxb5+ axb5 24. Qd7# {Black checkmated} 1-0

[Event "Team 45 45 League T48"]
[Site "Internet Chess Club"]
[Date "2011.03.20"]
[Round "6"]
[White "katabatico"]
[Black "Just-Jim"]
[Result "0-1"]
[WhiteElo "1394"]
[BlackElo "1357"]
[Opening "two knights defense: Fegatello attack, Polerio defense"]
[ECO "C57"]
[Time "17:00:20"]
[TimeControl "2700+45"]

1. e4 e5 2. Nf3 Nc6 3. Bc4 Nf6 4. Ng5 d5 5. exd5 Nxd5 6. Nxf7 Kxf7 7. Qf3+ Ke6
8. Nc3 Ne7 9. O-O c6 10. Re1 Kd6 11. Ne4+ Kc7 12. d3 h6 13. a3 a5 14. b3 b5 15.
Bxd5 Nxd5 16. c4 bxc4 17. bxc4 Nf6 18. Bb2 Qe7 19. Nxf6 gxf6 20. d4 Bg7 21. d5
Qd6 22. a4 Bb7 23. Ba3 c5 24. Qe3 Bf8 25. Rab1 Bxd5 26. cxd5 Qxd5 27. Red1 Qc6
28. Bxc5 Bxc5 29. Qb3 Rad8 30. Qf7+ Rd7 31. Rxd7+ Qxd7 32. Qxf6 Rd8 33. g3 Qe7
34. Qa6 Bxf2+ 35. Kg2 Rb8 36. Rc1+ Kd8 37. Qxa5+ Bb6 38. Rd1+ Kc8 39. Qa6+ Qb7+
40. Qxb7+ Rxb7 41. Rd6 Be3 42. Kf3 Bc1 43. Ke4 Bb2 44. Rxh6 Rb4+ 45. Kd5 Rxa4
46. Kc6 e4 47. Kb5 Ra2 48. Rc6+ Kd7 49. Rc2 Ke6 50. Re2 Kd5 51. h4 Ke5 52. g4
Kd4 53. Kb4 Bc3+ {White resigns} 0-1

[Event "Team 45 45 League T48"]
[Site "Internet Chess Club"]
[Date "2011.03.18"]
[Round "6"]
[White "Toalla"]
[Black "reverendjim"]
[Result "1/2-1/2"]
[WhiteElo "1233"]
[BlackElo "1340"]
[Opening "QGD Slav defense"]
[ECO "D10"]
[Time "11:04:24"]
[TimeControl "2700+45"]

1. d4 d5 2. c4 c6 3. g3 Nf6 4. Nf3 Bf5 5. Bg2 e6 6. O-O Nbd7 7. Nbd2 h6 8. Re1
Be7 9. b3 O-O 10. Bb2 c5 11. cxd5 Nxd5 12. e4 Bg4 13. exd5 exd5 14. Nf1 Bf6 15.
Ne3 Bxf3 16. Bxf3 cxd4 17. Bxd4 Bxd4 18. Qxd4 Qa5 19. Nf5 Nf6 20. Ne7+ Kh8 21.
Re5 Rad8 22. Bxd5 Nxd5 23. Rxd5 Rxd5 24. Qxd5 Qb4 25. Nf5 Qb6 26. Rd1 Qf6 27.
Ne3 b6 28. Qd4 Qf3 29. Qd7 f5 30. Qxa7 f4 31. gxf4 Qxf4 32. Rd2 Qg5+ 33. Kf1
Qxe3 34. Re2 Qh3+ 35. Kg1 Qg4+ 36. Kf1 Qh3+ 37. Kg1 {Game drawn by mutual
agreement} 1/2-1/2

[Event "Team 45 45 League T48"]
[Site "Internet Chess Club"]
[Date "2011.03.21"]
[Round "6"]
[White "pudge"]
[Black "Tjet"]
[Result "0-1"]
[WhiteElo "1453"]
[BlackElo "1553"]
[Opening "Philidor's defense"]
[ECO "C41"]
[Time "20:10:18"]
[TimeControl "2700+45"]

1. e4 d6 2. Nf3 e5 3. Bc4 Bg4 4. h3 Bxf3 5. Qxf3 Qf6 6. Qxf6 Nxf6 7. d3 c6 8.
Bg5 Nbd7 9. Nd2 b5 10. Bb3 a5 11. c3 a4 12. Bc2 Be7 13. d4 exd4 14. cxd4 h6 15.
Be3 O-O 16. a3 c5 17. d5 c4 18. O-O Rfc8 19. Bd4 Nc5 20. Bc3 Nb3 21. Nxb3 axb3
22. Bb1 Nd7 23. f4 Bf6 24. Bxf6 Nxf6 25. e5 dxe5 26. fxe5 Nd7 27. Bf5 Rc7 28. e6
Nf6 29. Rfe1 Kf8 30. d6 Rca7 31. Rad1 fxe6 32. Bxe6 Rd8 33. Rf1 Ra6 34. Rxf6+
gxf6 35. Rf1 Kg7 36. Re1 Raxd6 37. Re4 Rxe6 38. Rxe6 Rd2 39. Re7+ Kg6 40. Rb7
Rxb2 41. Rxb5 c3 42. a4 c2 {White resigns} 0-1

[Event "Team 45 45 League T48"]
[Site "Internet Chess Club"]
[Date "2011.03.20"]
[Round "6"]
[White "alaskauk"]
[Black "Bamilus"]
[Result "1-0"]
[WhiteElo "1456"]
[BlackElo "1263"]
[Opening "Ruy Lopez: Treybal (Bayreuth) variation (exchange var. deferred)"]
[ECO "C77"]
[Time "17:03:13"]
[TimeControl "2700+45"]

1. e4 e5 2. Nf3 Nc6 3. Bb5 a6 4. Ba4 Nf6 5. Bxc6 dxc6 6. d3 Bd6 7. O-O O-O 8.
Re1 Re8 9. Bg5 h6 10. Bd2 Bd7 11. Nc3 b5 12. Ne2 b4 13. Qc1 Bg4 14. Ng3 Bxf3 15.
gxf3 Nd7 16. Nf5 Nf8 17. Bxh6 gxh6 18. Qxh6 Ne6 19. Kh1 Bf8 20. Rg1+ Ng5 21.
Rxg5+ Qxg5 22. Qxg5+ Kh8 23. Rg1 Kh7 24. Qh5+ Bh6 25. Qxh6# {Black checkmated}
1-0

[Event "Team 45 45 League T48"]
[Site "Internet Chess Club"]
[Date "2011.03.20"]
[Round "6"]
[White "medsurg"]
[Black "dpmdpm"]
[Result "0-1"]
[WhiteElo "1310"]
[BlackElo "1480"]
[Opening "Sicilian: Najdorf, Adams attack"]
[ECO "B90"]
[Time "17:04:07"]
[TimeControl "2700+45"]

1. e4 c5 2. Nf3 d6 3. d4 cxd4 4. Nxd4 Nf6 5. Nc3 a6 6. h3 e5 7. Nde2 Be7 8. g4
h6 9. Bg2 O-O 10. Ng3 b5 11. Be3 Bb7 12. Qd2 Nbd7 13. Nf5 b4 14. Nd5 Nxd5 15.
exd5 a5 16. Be4 Nf6 17. Bxh6 Nxe4 18. Qe3 {White resigns} 0-1

[Event "Team 45 45 League T48"]
[Site "Internet Chess Club"]
[Date "2011.03.19"]
[Round "6"]
[White "otib2006"]
[Black "DaMelch"]
[Result "1-0"]
[WhiteElo "1248"]
[BlackElo "1181"]
[Opening "French defense"]
[ECO "C00"]
[Time "12:01:39"]
[TimeControl "2700+45"]

1. e4 e6 2. Bc4 d5 3. exd5 exd5 4. Bb3 Nf6 5. Nf3 Nc6 6. O-O Bc5 7. d4 Bb6 8.
Bg5 O-O 9. Ne5 Nxd4 10. Nc3 Nxb3 11. axb3 c6 12. Na4 Bc7 13. Qd4 Re8 14. f4 b5
15. Nc5 Bb6 16. b4 Bb7 17. Qc3 h6 18. Bh4 Bxc5+ 19. Qxc5 Qe7 20. Qxe7 Rxe7 21.
Ng4 Re6 22. Bxf6 gxf6 23. Nxh6+ Kg7 24. Nf5+ Kf8 25. Rf3 a6 26. Rh3 Kg8 27. Rg3+
Kf8 28. Nh6 Ke8 29. Rg8+ Ke7 30. Rxa8 Bxa8 31. Rxa6 Re2 32. Rxa8 Rxc2 33. Ra7+
Ke8 34. Nxf7 Rxb2 35. Nd6+ Kd8 36. Rf7 Rxb4 37. Rxf6 d4 38. Nf5 d3 39. Rd6+ Ke8
40. Rxd3 Rxf4 41. Nd6+ Ke7 42. Nb7 Rf5 43. Rc3 Rf6 44. Re3+ Kd7 45. Nc5+ Kc7 46.
h4 {Black resigns} 1-0

[Event "Team 45 45 League T48"]
[Site "Internet Chess Club"]
[Date "2011.03.19"]
[Round "6"]
[White "subterfuge"]
[Black "randallsr"]
[Result "1-0"]
[WhiteElo "1782"]
[BlackElo "1756"]
[Opening "Queen's pawn: Keres defense"]
[ECO "A40"]
[Time "11:00:26"]
[TimeControl "2700+45"]

1. d4 e6 2. c4 b6 3. Nc3 Bb7 4. e4 Nf6 5. f3 d6 6. Bd3 Nbd7 7. Nge2 Be7 8. Be3
e5 9. Qd2 c5 10. d5 h6 11. Ng3 a6 12. O-O h5 13. f4 Ng4 14. Nce2 Nxe3 15. Qxe3
exf4 16. Qxf4 Ne5 17. Nc1 Bg5 18. Qf2 Bc8 19. Be2 Ng4 20. Qxf7# {Black
checkmated} 1-0

[Event "Team 45 45 League T48"]
[Site "Internet Chess Club"]
[Date "2011.03.20"]
[Round "6"]
[White "Signalman"]
[Black "nursey"]
[Result "1-0"]
[WhiteElo "1562"]
[BlackElo "1587"]
[Opening "Philidor: Improved Hanham variation"]
[ECO "C41"]
[Time "14:07:15"]
[TimeControl "2700+45"]

1. e4 e5 2. Nf3 d6 3. d4 Nf6 4. Nc3 Nbd7 5. Bc4 exd4 6. Nxd4 Ne5 7. Bb3 Bg4 8.
f3 Bh5 9. O-O Be7 10. Nf5 O-O 11. Bg5 Re8 12. Nxe7+ Qxe7 13. Qd2 Bg6 14. Nd5 Qd8
15. Nxf6+ gxf6 16. Bh4 Qe7 17. Rad1 a6 18. Bd5 c6 19. Bb3 Rad8 20. f4 Nd7 21. f5
Bh5 22. Rde1 Nc5 23. Qh6 Nxe4 24. Rxe4 Qxe4 25. Bxf6 Qg4 26. h3 Qg3 27. Qxh5 Rd7
28. Be6 Rc7 29. Rf3 Qe1+ 30. Kh2 Rxe6 31. Qg5+ Kf8 32. Qg7+ Ke8 33. Qh8+ Kd7 34.
Qd8# {Black checkmated} 1-0

[Event "Team 45 45 League T48"]
[Site "Internet Chess Club"]
[Date "2011.03.21"]
[Round "6"]
[White "Sirian"]
[Black "rahulr"]
[Result "0-1"]
[WhiteElo "1540"]
[BlackElo "1638"]
[Opening "Bird's opening"]
[ECO "A02"]
[Time "20:19:12"]
[TimeControl "2700+45"]

1. f4 Nf6 2. Nf3 e6 3. e3 b6 4. Be2 Bb7 5. O-O Be7 6. b3 O-O 7. Bb2 c5 8. c4 d5
9. d4 dxc4 10. Bxc4 Nc6 11. Qd2 cxd4 12. Nxd4 Ne4 13. Qc2 Nb4 14. Qe2 Nd5 15. a3
a6 16. Bd3 Ndf6 17. g4 Nc5 18. Bc2 Qd5 19. g5 Qh1+ 20. Kf2 Qxh2+ 21. Ke1 Qxe2+
22. Kxe2 Nfe4 23. Rg1 Rac8 24. Nd2 Nxd2 25. Kxd2 Ne4+ 26. Ke2 Bc5 27. Rac1 Bd6
28. b4 Rfd8 29. Bxe4 Bxe4 30. b5 Bc5 31. a4 a5 32. Rgd1 Bg6 33. Nb3 Bh5+ 34. Ke1
Rxd1+ 35. Rxd1 Bxd1 36. Kxd1 Bxe3 37. Be5 Rc4 38. Ke2 Bxf4 39. Bd4 Bc7 40. Be3
Rxa4 41. Nd4 Rb4 42. Kd3 e5 43. Bd2 Rxd4+ 44. Ke3 Rxd2 45. Kxd2 a4 46. Kc2 e4
{White resigns} 0-1

[Event "Team 45 45 League T48"]
[Site "Internet Chess Club"]
[Date "2011.03.20"]
[Round "6"]
[White "bayoumicardio10"]
[Black "civilization"]
[Result "0-1"]
[WhiteElo "1622"]
[BlackElo "1761"]
[Opening "Sicilian: closed"]
[ECO "B23"]
[Time "18:07:13"]
[TimeControl "2700+45"]

1. e4 c5 2. Nc3 e6 3. f4 a6 4. Nf3 Nc6 5. Be2 d5 6. exd5 exd5 7. O-O Nf6 8. Qe1
Be7 9. a3 O-O 10. Ne5 Nd4 11. Bd1 Re8 12. Ne2 Nxe2+ 13. Bxe2 Bd6 14. Qg3 Ne4 15.
Qf3 Qc7 16. d3 Nf6 17. g4 Bxe5 18. fxe5 Qxe5 19. g5 Bg4 20. Qf2 Bxe2 21. Bf4 Qf5
22. gxf6 Bxf1 23. Rxf1 Qxf6 24. Qxc5 Rad8 25. Bg5 Qxg5+ 26. Kh1 Re2 {White
resigns} 0-1

[Event "Team 45 45 League T48"]
[Site "Internet Chess Club"]
[Date "2011.03.22"]
[Round "6"]
[White "crazyhorses"]
[Black "Innes"]
[Result "0-1"]
[WhiteElo "1588"]
[BlackElo "1644"]
[Opening "Queen's pawn: Charlick (Englund) gambit"]
[ECO "A40"]
[Time "16:00:15"]
[TimeControl "2700+45"]

1. d4 e5 2. dxe5 Nc6 3. Nf3 f6 4. exf6 Nxf6 5. c4 d6 6. e3 Be7 7. Nc3 Bf5 8. Be2
Qd7 9. O-O O-O-O 10. Nd4 Ne5 11. Nxf5 Qxf5 12. Qa4 a6 13. Nd5 Nxd5 14. cxd5 h5
15. b4 Nd7 16. Bb2 Nb6 17. Qb3 Bf6 18. Bxf6 gxf6 19. Rfd1 Rdg8 20. g3 h4 21. Bf1
hxg3 22. fxg3 Qe5 23. e4 Qxe4 24. Rac1 f5 25. Qc3 Rh7 26. Bg2 Qe7 27. Qf3 Kb8
28. Rc2 f4 29. Qxf4 Rf8 30. Qd2 Rfh8 31. h3 Qe5 32. Qc3 Qf5 33. g4 Qf4 34. Rf1
Qg5 35. Rf5 Qe7 36. Rcf2 Nd7 37. Qd2 Ne5 38. Rf6 Qd7 39. Rf8+ Rxf8 40. Rxf8+ Ka7
41. Qd4+ b6 42. Rf5 Qa4 43. Rf2 Qa3 44. Qe4 Re7 45. Qb1 Qg3 46. Qf5 Rf7 47. Qc2
Qe3 48. Qe2 Qd4 49. Qd2 Nd3 50. Qxd3 Qxf2+ 51. Kh2 Re7 52. Qf3 Qxa2 53. g5 Qd2
54. h4 Qd4 55. h5 Qh4+ 56. Bh3 Qxg5 57. Bg4 Re3 58. Qf5 Qh4+ 59. Kg2 Qg3+ {White
resigns} 0-1

[Event "Team 45 45 League T48"]
[Site "Internet Chess Club"]
[Date "2011.03.21"]
[Round "6"]
[White "MCJR"]
[Black "ElmerHo"]
[Result "0-1"]
[WhiteElo "1449"]
[BlackElo "1573"]
[Opening "Queen's bishop game"]
[ECO "D02"]
[Time "20:30:13"]
[TimeControl "2700+45"]

1. d4 d5 2. Nf3 Nf6 3. Bf4 e6 4. e3 c5 5. c3 Nc6 6. Nbd2 Bd6 7. Ne5 Qc7 8. Ndf3
Nd7 9. Nxf7 Bxf4 10. Nxh8 Bh6 11. Ng5 Nf6 12. Nxh7 Nxh7 13. Qh5+ Kf8 14. Ng6+
Kg8 15. Bd3 Nf6 16. Qh4 c4 17. Bc2 e5 18. dxe5 Nxe5 19. Nxe5 Qxe5 20. O-O Bg5
21. Qd4 Qxd4 22. exd4 Bd7 23. Rfe1 Re8 24. Rxe8+ Bxe8 25. Re1 Kf8 26. Re5 Bf4
27. Rf5 Bc1 28. b3 Bg6 29. Rf3 Bxc2 30. bxc4 Be4 31. Rh3 dxc4 32. Rh8+ Kf7 33.
f3 Bc6 34. Kf2 Nd5 {White resigns} 0-1

[Event "Team 45 45 League T48"]
[Site "Internet Chess Club"]
[Date "2011.03.19"]
[Round "6"]
[White "allanchs"]
[Black "Visin"]
[Result "1-0"]
[WhiteElo "1498"]
[BlackElo "1278"]
[Opening "King's pawn game"]
[ECO "C50"]
[Time "10:00:20"]
[TimeControl "2700+45"]

1. e4 e5 2. Nf3 Nc6 3. Bc4 h6 4. d4 exd4 5. Nxd4 d6 6. Nc3 Nge7 7. O-O Ne5 8.
Bb3 c5 9. Nf3 Bg4 10. Ba4+ Bd7 11. Bxd7+ Qxd7 12. Qe2 N7g6 13. Be3 Be7 14. Rad1
O-O 15. Bxc5 b6 16. Bd4 f6 17. Nxe5 fxe5 18. Be3 Nf4 19. Bxf4 Rxf4 20. Nd5 Raf8
21. Nxf4 Rxf4 22. Qd3 Qg4 23. f3 Qg6 24. Qd5+ Qf7 25. Qxf7+ Rxf7 26. Rd5 Bf8 27.
Rfd1 Rd7 28. Rxe5 dxe5 29. Rxd7 {Black resigns} 1-0

[Event "Team 45 45 League T48"]
[Site "Internet Chess Club"]
[Date "2011.03.21"]
[Round "6"]
[White "PandorasBox"]
[Black "Ptzz"]
[Result "1/2-1/2"]
[WhiteElo "1937"]
[BlackElo "2103"]
[Opening "English: Caro-Kann defensive system"]
[ECO "A11"]
[Time "17:01:54"]
[TimeControl "2700+45"]

1. c4 c6 2. g3 d5 3. Bg2 Nf6 4. Nf3 g6 5. b3 Bg7 6. Bb2 O-O 7. O-O a5 8. d3 Bg4
9. Nbd2 Bxf3 10. Nxf3 e6 11. Re1 Ne8 12. Qc2 {Game drawn by mutual agreement}
1/2-1/2

[Event "Team 45 45 League T48"]
[Site "Internet Chess Club"]
[Date "2011.03.16"]
[Round "6"]
[White "Jack-ONeill"]
[Black "Deckfuel"]
[Result "1-0"]
[WhiteElo "2013"]
[BlackElo "1889"]
[Opening "English: symmetrical variation"]
[ECO "A30"]
[Time "14:00:17"]
[TimeControl "2700+45"]

1. c4 c5 2. g3 Nc6 3. Bg2 Nf6 4. Nc3 e6 5. Nf3 Be7 6. O-O O-O 7. d4 cxd4 8. Nxd4
a6 9. Bf4 Qb6 10. Nb3 Qb4 11. Rc1 e5 12. a3 Qb6 13. Be3 Qd8 14. Nd5 d6 15. Nb6
Rb8 16. Nxc8 Qxc8 17. h3 b6 18. Nd2 a5 19. Nb1 Nd7 20. Nc3 f5 21. Qd5+ Kh8 22.
Qxc6 Qe8 23. Nd5 Rc8 24. Qa4 Bd8 25. b4 Qe6 26. Bd2 g5 27. Qb3 f4 28. Bc3 Nf6
29. Nxf6 Rxf6 30. Bb2 g4 31. h4 Rh6 32. Qd3 Bf6 33. Qd5 Qe7 34. c5 bxc5 35. bxc5
Qa7 36. cxd6 Rxc1 37. Rxc1 {Black resigns} 1-0

[Event "Team 45 45 League T48"]
[Site "Internet Chess Club"]
[Date "2011.03.22"]
[Round "6"]
[White "Boromir"]
[Black "Despair"]
[Result "1/2-1/2"]
[WhiteElo "1927"]
[BlackElo "2005"]
[Opening "Queen's Indian: old main line, 7.Nc3"]
[ECO "E18"]
[Time "16:30:10"]
[TimeControl "2700+45"]

1. c4 Nf6 2. Nf3 e6 3. g3 b6 4. Bg2 Bb7 5. O-O Be7 6. Nc3 O-O 7. d4 d5 8. cxd5
Nxd5 9. Qc2 Nb4 10. Qb3 Nd7 11. a3 Nd5 12. Nxd5 Bxd5 13. Qc2 Nf6 14. Bf4 {Game
drawn by mutual agreement} 1/2-1/2

[Event "Team 45 45 League T48"]
[Site "Internet Chess Club"]
[Date "2011.03.21"]
[Round "6"]
[White "VietLion"]
[Black "Holzschlange"]
[Result "1-0"]
[WhiteElo "1929"]
[BlackElo "1836"]
[Opening "Benoni: Taimanov variation"]
[ECO "A67"]
[Time "17:31:15"]
[TimeControl "2700+45"]

1. d4 Nf6 2. c4 c5 3. d5 e6 4. Nc3 exd5 5. cxd5 d6 6. e4 g6 7. f4 Bg7 8. Bb5+
Nfd7 9. a4 a6 10. Bd3 Qh4+ 11. g3 Qe7 12. Nf3 O-O 13. O-O Nf6 14. e5 dxe5 15.
fxe5 Ng4 16. Bg5 Qc7 17. d6 Qd7 18. Nd5 Nxe5 19. Nxe5 Bxe5 20. Nf6+ Bxf6 21.
Rxf6 Nc6 22. Bc4 Nd4 23. Bh6 b5 24. axb5 Bb7 25. Qd3 Nf5 26. Bxf8 Rxf8 27. bxa6
Ba8 28. Bd5 c4 29. Qf3 Qd8 30. Rxf5 gxf5 31. Bxa8 Qxa8 32. Qxf5 Qa7+ 33. Kg2 Qb6
34. Qg5+ Kh8 35. Qf6+ Kg8 36. a7 Ra8 37. Qg5+ Kh8 38. Qe5+ Kg8 39. Qg5+ Kh8 40.
Qd2 Qc6+ 41. Kh3 Qd7+ 42. g4 h5 43. Qh6+ Kg8 44. Qg5+ {Black resigns} 1-0

[Event "Team 45 45 League T48"]
[Site "Internet Chess Club"]
[Date "2011.03.19"]
[Round "6"]
[White "MikeA"]
[Black "playwaycool"]
[Result "1-0"]
[WhiteElo "2195"]
[BlackElo "2074"]
[Opening "Ruy Lopez: closed, Keres (...Nd7) defense"]
[ECO "C96"]
[Time "22:01:04"]
[TimeControl "2700+45"]

1. e4 e5 2. Nf3 Nc6 3. Bb5 a6 4. Ba4 Nf6 5. O-O Be7 6. Re1 b5 7. Bb3 d6 8. c3
O-O 9. h3 Na5 10. Bc2 c5 11. d4 Nd7 12. d5 Nb6 13. Nbd2 f5 14. exf5 Bxf5 15.
Bxf5 Rxf5 16. Ne4 h6 17. Be3 Kh8 18. Qd3 Rf7 19. Rab1 Nb7 20. b4 c4 21. Bxb6
Qxb6 22. Qc2 Raf8 23. Re3 Nd8 24. a4 g6 25. axb5 axb5 26. Rd1 Rg7 27. Ree1 Nf7
28. Ra1 Qb7 29. Qd2 Rgg8 30. Ra5 Ra8 31. Rea1 Rxa5 32. Rxa5 Ra8 33. Rxa8+ Qxa8
34. g3 Kg7 35. h4 Bd8 36. Kg2 Be7 37. Qd1 Qa2 38. Qd2 Qa8 39. Kh2 Bd8 40. Ne1 g5
41. hxg5 Bxg5 42. f4 Be7 43. Nc2 h5 44. Ne3 Qc8 45. Qe2 h4 46. g4 exf4 47. Nf5+
Kf8 48. Nc5 dxc5 49. Qxe7+ Kg8 50. Qf6 Qf8 51. d6 cxb4 52. d7 b3 53. Qg6+ Kh8
54. Qxf7 Qxf7 55. d8=Q+ Kh7 56. Qxh4+ Kg8 57. Nh6+ Kf8 58. Nxf7 b2 59. Qe1 b4
60. cxb4 c3 61. Nd6 c2 62. Qe8+ Kg7 63. Qf7+ Kh6 64. Nf5+ {Black resigns} 1-0

[Event "Team 45 45 League T48"]
[Site "Internet Chess Club"]
[Date "2011.03.18"]
[Round "6"]
[White "carokantor"]
[Black "CaoCao"]
[Result "1-0"]
[WhiteElo "1943"]
[BlackElo "1861"]
[Opening "Queen's pawn game"]
[ECO "A45"]
[Time "23:30:41"]
[TimeControl "2700+45"]

1. d4 Nf6 2. e3 e6 3. Bd3 b6 4. f4 Bb7 5. Nf3 Be7 6. O-O O-O 7. Nbd2 c5 8. c3 d5
9. h3 Nbd7 10. Ne5 Ne4 11. Nxe4 dxe4 12. Bb5 Nxe5 13. fxe5 a6 14. Ba4 Qc7 15.
Qg4 Bd5 16. Bc2 Qc6 17. Rf4 f5 18. exf6 Rxf6 19. Rxf6 Bxf6 20. Bb3 a5 21. c4
cxd4 22. cxd5 exd5 23. Qxe4 Rd8 24. Qd3 {Black resigns} 1-0

[Event "Team 45 45 League T48"]
[Site "Internet Chess Club"]
[Date "2011.03.18"]
[Round "6"]
[White "primerpaso"]
[Black "McKnights"]
[Result "0-1"]
[WhiteElo "1753"]
[BlackElo "1890"]
[Opening "QGD: Tarrasch, Prague variation, Normal position"]
[ECO "D34"]
[Time "20:01:22"]
[TimeControl "2700+45"]

1. c4 c5 2. Nc3 Nc6 3. g3 e6 4. Nf3 d5 5. cxd5 exd5 6. d4 Nf6 7. Bg2 Be7 8. O-O
O-O 9. a3 Ne4 10. Be3 Nxc3 11. bxc3 c4 12. Ne5 Bf5 13. Bf4 Na5 14. e4 Bxe4 15.
Bxe4 dxe4 16. Qe2 Qd5 17. Rfe1 f6 18. Ng4 f5 19. Ne3 Qc6 20. g4 fxg4 21. Qxg4
Rae8 22. Nf5 g6 23. Nh6+ Kg7 24. Rxe4 Qxe4 25. Be5+ Qxe5 26. dxe5 Kxh6 27. f4
Rf5 28. Kg2 Ref8 29. Rf1 Nc6 30. Rf3 Nxe5 31. Rh3+ Kg7 32. fxe5 Rg5 {White
resigns} 0-1

[Event "Team 45 45 League T48"]
[Site "Internet Chess Club"]
[Date "2011.03.22"]
[Round "6"]
[White "ChessAuthor"]
[Black "sombragris35"]
[Result "1-0"]
[WhiteElo "1761"]
[BlackElo "1748"]
[Opening "Réti v Dutch"]
[ECO "A04"]
[Time "15:00:09"]
[TimeControl "2700+45"]

1. Nf3 f5 2. b3 Nf6 3. Bb2 g6 4. e3 Bg7 5. c4 d6 6. Be2 c6 7. Nc3 O-O 8. O-O e5
9. d4 e4 10. Nd2 d5 11. Rc1 a5 12. cxd5 Nxd5 13. Nxd5 cxd5 14. Bb5 Bd7 15. Qe2
Na6 16. Bxa6 Rxa6 17. Rc2 Rc6 18. Rfc1 Rxc2 19. Rxc2 Qb6 20. Qd1 g5 21. Qc1 f4
22. Rc7 Bc6 23. Rxg7+ Kxg7 24. Nxe4 dxe4 25. d5+ Kg6 26. Qc3 Rf7 27. dxc6 fxe3
28. fxe3 bxc6 29. h3 Qb5 30. a4 Qd5 31. Kh2 Kh5 32. Ba1 Qd6+ 33. Kg1 Qd3 34. Qe1
Qxb3 35. Bd4 Qxa4 36. Qg3 Qb5 37. Qg4+ Kg6 38. Qe6+ Kh5 39. Qxf7+ Kh4 40. Qxh7+
Kg3 41. Qxe4 Qe2 42. Be5# {Black checkmated} 1-0

[Event "Team 45 45 League T48"]
[Site "Internet Chess Club"]
[Date "2011.03.22"]
[Round "6"]
[White "Duguesclin"]
[Black "clarinetref"]
[Result "1-0"]
[WhiteElo "1714"]
[BlackElo "1621"]
[Opening "King's Indian: Four pawns attack, dynamic line"]
[ECO "E76"]
[Time "13:51:13"]
[TimeControl "2700+45"]

1. d4 Nf6 2. c4 g6 3. Nc3 Bg7 4. e4 d6 5. f4 O-O 6. Nf3 c5 7. d5 e6 8. Bd3 exd5
9. cxd5 Bg4 10. O-O Nbd7 11. h3 Bxf3 12. Qxf3 a6 13. Bd2 b5 14. Rae1 Qc7 15. a3
Rae8 16. Re2 c4 17. Bc2 Nc5 18. Rfe1 Nfd7 19. Qg3 Qb6 20. Be3 Qd8 21. f5 Be5 22.
Bf4 Qb6 23. Kh1 Bxf4 24. Qxf4 Ne5 25. f6 Ncd3 26. Qh6 {Black resigns} 1-0

[Event "Team 45 45 League T48"]
[Site "Internet Chess Club"]
[Date "2011.03.20"]
[Round "6"]
[White "tryanything"]
[Black "aphort0212"]
[Result "1/2-1/2"]
[WhiteElo "1567"]
[BlackElo "1624"]
[Opening "QGD: Orthodox defense"]
[ECO "D60"]
[Time "18:50:44"]
[TimeControl "2700+45"]

1. d4 Nf6 2. c4 e6 3. Nc3 d5 4. Bg5 Be7 5. e3 O-O 6. Nf3 Nbd7 7. cxd5 exd5 8.
Bd3 c6 9. O-O Re8 10. Qc2 h6 11. Bh4 Ne4 12. Bxe7 Qxe7 13. Rfe1 Ndf6 14. Nd2
Nxc3 15. bxc3 Ne4 16. f3 Nd6 17. e4 dxe4 18. Nxe4 Nxe4 19. Rxe4 Qd8 20. Rae1
Rxe4 21. Rxe4 Bf5 22. Re3 Bxd3 23. Qxd3 Qd7 24. Qe2 Kf8 25. Kf2 Re8 26. Rxe8+
Qxe8 27. Qxe8+ Kxe8 28. Ke3 Ke7 29. g4 g5 30. Ke4 Ke6 31. a4 Kd6 32. c4 f6 33.
h3 Ke6 34. a5 b6 35. axb6 axb6 36. Kd3 Kd6 37. Kc3 Ke6 {Game drawn by mutual
agreement} 1/2-1/2

[Event "Team 45 45 League T48"]
[Site "Internet Chess Club"]
[Date "2011.03.21"]
[Round "6"]
[White "Chess2Play"]
[Black "PostMike"]
[Result "0-1"]
[WhiteElo "1522"]
[BlackElo "1486"]
[Opening "Nimzo-Indian: Fischer variation"]
[ECO "E43"]
[Time "08:04:54"]
[TimeControl "2700+45"]

1. d4 Nf6 2. c4 e6 3. Nc3 Bb4 4. e3 b6 5. Bd3 Bb7 6. Nf3 Ne4 7. O-O Nxc3 8. bxc3
Bxc3 9. Rb1 O-O 10. Qc2 Ba5 11. Bxh7+ Kh8 12. Bb2 Bxf3 13. gxf3 f5 14. Kh1 Kxh7
15. d5 Rg8 16. Rbd1 Qf8 17. Rg1 Na6 18. a3 Nc5 19. Rd4 g5 20. dxe6 dxe6 21. e4
f4 22. e5+ Qf5 23. Qd1 Qh3 24. Rd7+ Nxd7 25. Qxd7+ Rg7 26. Qd3+ Qf5 27. Qd4 Rag8
28. Bc1 a6 29. c5 bxc5 30. Qxc5 Bb6 31. Qc3 Rd7 32. Qc6 Rgd8 33. h4 Qh3# {White
checkmated} 0-1